 Dungeon Crawl Stone Soup version 0.30-a0-272-gf98c3da03f (webtiles) character file.

Game seed: 8350872702988274002

2586 qw the Cleaver (level 9, -32/55 HPs)
             Began as a Gargoyle Fighter on Oct 15, 2022.
             Was a Priest of Okawaru.
             Killed from afar by Maggie (39 damage)
             ... with a bolt of fire
             ... on level 6 of the Dungeon.
             The game lasted 00:01:54 (4811 turns).

qw the Cleaver (Gargoyle Fighter)                   Turns: 4811, Time: 00:01:54

Health: -32/55     AC: 28    Str: 25    XL:     9   Next: 58%
Magic:  10/12      EV:  9    Int:  8    God:    Okawaru [***...]
Gold:   241        SH:  5    Dex:  9    Spells: 8/8 levels left

rFire   . . .      SeeInvis .    Y - +1 war axe
rCold   . . .      Faith    .    c - +0 buckler
rNeg    + . .      Spirit   .    a - +0 plate armour
rPois   inf        Reflect  .    e - +2 helmet
rElec   +          Harm     .    (no cloak)
rCorr   .          Rampage  .    n - +2 pair of gloves
Will    .....                    (no boots)
Stlth   ..........               (no amulet)
HPRegen 0.29/turn                (no ring)
MPRegen 0.13/turn                (no ring)

@: heroic
A: sickness immunity, AC +6, negative energy resistance 1, electricity
resistance, torment resistance 1, petrification resistance
a: Renounce Religion, Heroism


You were on level 6 of the Dungeon.
You worshipped Okawaru.
Okawaru was most pleased with you.
You visited 1 branch of the dungeon, and saw 6 of its levels.

You collected 241 gold pieces.


Innate Abilities, Weirdness & Mutations

You are immune to sickness and miasma.
Your stone body is resilient. (AC +6)
You are immune to poison.
You resist negative energy. (rN+)
You are resistant to electric shocks. (rElec)
You are resistant to unholy torment.
You are immune to petrification.


   Skills:
 - Level 6.0(11.0) Fighting
 + Level 8.9(13.9) Axes
 - Level 1.5(6.5) Throwing
 - Level 6.2(11.2) Armour
 - Level 1.2(6.2) Dodging
 - Level 3.2(8.2) Shields
 - Level 4.4 Invocations


You had 8 spell levels left.
You didn't know any spells.
Your spell library was empty.

Inventory:

Hand Weapons
 i - a +1 vorpal flail
 Y - a +1 war axe (weapon)
Missiles
 l - 5 boomerangs (quivered)
Armour
 a - a +0 plate armour (worn)
 c - a +0 buckler (worn)
 e - a +2 helmet (worn)
 n - a +2 pair of gloves (worn)
Jewellery
 h - a +4 ring of evasion
Scrolls
 b - 5 scrolls of identify
Potions
 d - a potion of might
 f - 2 potions of mutation
 j - a potion of cancellation
 k - 3 potions of curing
 p - 2 potions of attraction

Dungeon Overview and Level Annotations

Branches:
Dungeon (6/15)             Temple (0/1) D:6

Altars:
Fedhas
Gozag
Kikubaaqudgha
Okawaru
Uskayaw
The Shining One

Annotations:
D:3 1 runed translucent door, qwqw's ghost, amateur DsFi
D:6 Maggie


Message History

You closely miss Maggie.
Maggie is moderately wounded.
Maggie hits you but does no damage.
You slash Maggie!
Maggie is heavily wounded.
You hit Maggie but do no damage.
Maggie is heavily wounded.
Maggie closely misses you.
You slash Maggie!
Maggie is severely wounded.
Maggie casts a spell at you. The bolt of fire hits you!!
4805 ||| DRINKING 2 potions of heal wounds.
You feel much better.
Maggie points at you and mumbles some strange words.
The bolt of fire hits you!!
You hit Maggie but do no damage.
Maggie is severely wounded.
Maggie hits you but does no damage.
You completely miss Maggie.
Maggie is severely wounded.
You block Maggie's attack.
You slash Maggie!
Maggie is almost dead.
You break out of your daze.
You hit Maggie but do no damage.
Maggie is almost dead.
Maggie hits you with a +1 glaive of draining!
4810 ||| DRINKING potion of heal wounds.
You feel much better.
You feel like a meek peon again. Maggie gestures at you while chanting.
The bolt of fire hits you!!
Ouch! That really hurt!
4811 ||| INVOKING Heroism.
You gain the combat prowess of a mighty hero.
Maggie gestures at you while chanting. The bolt of fire hits you!!!
Ouch! That really hurt!
You die...

.... #..# ##
#..# ..#..#
.#..### .....
#@.#
~..#####@.######
.!..............
...#####..######
#>.....#####
##.###.....# ..
#.# #####.#
#.##¤#######.#
#..~¤¤....##.#
#.~~¤~~.#.##.##


You could see Maggie (empowered).

Vanquished Creatures
  Pikel (D:6)
  A manticore (D:6)
  A troll (D:6)
  Edmund (D:6)
  A sky beast (D:6)
  An ogre (D:4)
  A black bear (D:4)
  2 centaurs (D:6)
  A phantom (D:6)
  A kobold brigand (D:6)
  3 bullfrogs (D:6)
  A necrophage (D:6)
  2 scorpions (D:6)
  A jelly (D:6)
  3 hounds
  An orc priest (D:5)
  An iguana (D:5)
  An orc wizard (D:3)
  Robin (D:3)
  4 gnolls
  8 adders
  A shadow imp (D:6)
  A white imp (D:6)
  2 dart slugs
  25 orcs
  2 bats
  7 endoplasms
  2 giant cockroaches (D:3)
  16 goblins
  10 hobgoblins
  2 jackals (D:1)
  6 quokkas
  3 ball pythons
  7 kobolds
  2 rats
123 creatures vanquished.

Vanquished Creatures (others)
  3 plants (D:3)
3 creatures vanquished.

Grand Total: 126 creatures vanquished

Notes
Turn   | Place    | Note
-------+----------+-------------------------------------------
     0 | D:1      | qw the Gargoyle Fighter began the quest for the Orb.
     0 | D:1      | Reached XP level 1. HP: 14/14 MP: 1/1
     0 | D:1      | 0 ||| qw: Version: 0.2-a-19-gadd0ef8
     0 | D:1      | 0 ||| qw: Game counter: 3
     0 | D:1      | 0 ||| qw: Always use a shield: true
     0 | D:1      | 0 ||| qw: God list: Okawaru
     0 | D:1      | 0 ||| qw: Allow faded altars: false
     0 | D:1      | 0 ||| qw: Do Orc after D:15 true
     0 | D:1      | 0 ||| qw: Do second Lair branch before Depths: true
     0 | D:1      | 0 ||| qw: Lair rune preference: random
     0 | D:1      | 0 ||| qw: Plans: Normal, Zot:1-4, God:TSO, Crypt, Tomb,
                  | Pan, Slime:5, Hells, Abyss, Orb
     0 | D:1      | 0 ||| PLANNING D:1-11
    89 | D:1      | Reached skill level 2 in Axes
   277 | D:1      | Reached XP level 2. HP: 19/19 MP: 2/2
   321 | D:1      | 321 ||| Stepping ~*~*~tactically~*~*~ (stealth).
   322 | D:1      | 322 ||| Stepping ~*~*~tactically~*~*~ (stealth).
   667 | D:1      | 667 ||| UPGRADING to +0 chain mail.
   677 | D:1      | 677 ||| DROPPING +0 scale mail.
   678 | D:1      | 678 ||| READING 2 scrolls labelled ICUMOCK SAUL.
   679 | D:1      | 679 ||| READING scroll labelled HATUDOBBYDOPN.
   680 | D:1      | 680 ||| READING scroll labelled YWAENO CONAUG.
   681 | D:1      | 681 ||| DRINKING 2 fuming green potions.
   682 | D:1      | 682 ||| DROPPING scroll of vulnerability.
   683 | D:1      | 683 ||| DROPPING potion of degeneration.
   940 | D:2      | 940 ||| Stepping ~*~*~tactically~*~*~ (hiding).
   942 | D:2      | 942 ||| Stepping ~*~*~tactically~*~*~ (hiding).
  1210 | D:2      | Reached skill level 3 in Axes
  1239 | D:2      | Reached XP level 3. HP: 23/23 MP: 3/3
  1502 | D:2      | 1502 ||| UPGRADING to amulet of guardian spirit.
  1507 | D:2      | 1507 ||| READING scroll labelled JAPTANLO BOIC.
  1508 | D:2      | 1508 ||| READING scroll labelled WUBIEL WUBREY.
  1509 | D:2      | 1509 ||| DRINKING 3 blue potions.
  1510 | D:2      | 1510 ||| READING 4 scrolls of identify.
  1510 | D:2      | 1510 ||| IDENTIFYING lumpy grey potion
  1511 | D:2      | 1511 ||| READING 3 scrolls of identify.
  1511 | D:2      | 1511 ||| IDENTIFYING fuming pink potion
  1552 | D:3      | 1552 ||| Stepping ~*~*~tactically~*~*~ (stealth).
  1555 | D:3      | 1555 ||| Stepping ~*~*~tactically~*~*~ (stealth).
  1558 | D:3      | 1558 ||| Stepping ~*~*~tactically~*~*~ (stealth).
  1582 | D:3      | 1582 ||| Stepping ~*~*~tactically~*~*~ (stealth).
  1615 | D:3      | Reached XP level 4. HP: 13/28 MP: 2/4
  1622 | D:3      | Reached skill level 4 in Axes
  1705 | D:3      | 1705 ||| DROPPING +0 club.
  1707 | D:3      | 1707 ||| Stepping ~*~*~tactically~*~*~ (stealth).
  1711 | D:3      | Noticed Robin
  1712 | D:3      | 1712 ||| Stepping ~*~*~tactically~*~*~ (hiding).
  1732 | D:3      | Killed Robin
  1847 | D:3      | 1847 ||| Stepping ~*~*~tactically~*~*~ (stealth).
  1930 | D:3      | 1930 ||| Stepping ~*~*~tactically~*~*~ (stealth).
  1937 | D:3      | Reached XP level 5. HP: 32/32 MP: 5/5
  2033 | D:3      | Found a hide-covered altar of Uskayaw.
  2062 | D:3      | 2062 ||| DRINKING 2 potions of curing.
  2062 | D:3      | 2062 ||| (to cure confusion)
  2076 | D:3      | 2076 ||| DROPPING +0 whip.
  2077 | D:3      | Found a blossoming altar of Fedhas.
  2086 | D:3      | Found a runed translucent door.
  2092 | D:3      | Noticed qwqw's ghost (amateur DsFi)
  2119 | D:3      | Found an opulent altar of Gozag.
  2231 | D:3      | Reached skill level 5 in Axes
  2322 | D:3      | Found a glowing golden altar of the Shining One.
  2365 | D:3      | 2365 ||| Stepping ~*~*~tactically~*~*~ (hiding).
  2366 | D:3      | 2366 ||| Stepping ~*~*~tactically~*~*~ (hiding).
  2526 | D:3      | 2526 ||| UPGRADING to +2 helmet.
  2531 | D:3      | 2531 ||| READING scroll labelled ZOTZE ZONONETA.
  2532 | D:3      | 2532 ||| READING 3 scrolls of identify.
  2532 | D:3      | 2532 ||| IDENTIFYING fuming amethyst potion
  2581 | D:4      | Found an iron altar of Okawaru.
  2582 | D:4      | 2582 ||| PLANNING OKAWARU WORSHIP
  2589 | D:4      | Became a worshipper of Warmaster Okawaru
  2590 | D:4      | 2590 ||| PLANNING D:1-11
  2590 | D:4      | 2590 ||| REMOVING amulet of guardian spirit.
  2684 | D:4      | Noticed an ogre
  2692 | D:4      | Killed an ogre
  2693 | D:4      | Reached XP level 6. HP: 28/40 MP: 6/6
  2883 | D:4      | Noticed a black bear
  2891 | D:4      | Killed a black bear
  3276 | D:4      | 3276 ||| Stepping ~*~*~tactically~*~*~ (stealth).
  3415 | D:4      | 3415 ||| UPGRADING to +0 plate armour.
  3425 | D:4      | 3425 ||| DROPPING +0 chain mail.
  3426 | D:4      | 3426 ||| DROPPING amulet of guardian spirit.
  3427 | D:4      | 3427 ||| READING scroll labelled BOL QUOKLYO.
  3428 | D:4      | 3428 ||| READING scroll labelled ICVUAJ MIRE.
  3429 | D:4      | 3429 ||| READING scroll labelled SISMENW ETRA.
  3430 | D:4      | 3430 ||| READING 2 scrolls of identify.
  3430 | D:4      | 3430 ||| IDENTIFYING viscous clear potion
  3473 | D:5      | Entered Level 5 of the Dungeon
  3496 | D:5      | 3496 ||| Stepping ~*~*~tactically~*~*~ (stealth).
  3713 | D:5      | Reached XP level 7. HP: 33/44 MP: 7/7
  3719 | D:5      | Reached skill level 6 in Axes
  3847 | D:5      | Reached * piety under Okawaru
  3950 | D:5      | Found an ancient bone altar of Kikubaaqudgha.
  3992 | D:5      | 3992 ||| UPGRADING to +0 pair of gloves.
  3997 | D:5      | 3997 ||| READING scroll labelled IMPIOP UHUR.
  4098 | D:5      | 4098 ||| READING scroll labelled RABROHO OGELO.
  4134 | D:6      | 4134 ||| READING 2 scrolls of enchant armour.
  4134 | D:6      | 4134 ||| ENCHANTING +0 pair of gloves.
  4135 | D:6      | 4135 ||| READING scroll of enchant armour.
  4135 | D:6      | 4135 ||| ENCHANTING +1 pair of gloves.
  4169 | D:6      | 4169 ||| Stepping ~*~*~tactically~*~*~ (stealth).
  4170 | D:6      | Noticed Pikel
  4171 | D:6      | 4171 ||| Stepping ~*~*~tactically~*~*~ (hiding).
  4179 | D:6      | Reached skill level 1 in Invocations
  4179 | D:6      | 4179 ||| INVOKING Heroism.
  4192 | D:6      | Killed Pikel
  4192 | D:6      | Reached ** piety under Okawaru
  4193 | D:6      | Reached skill level 7 in Axes
  4193 | D:6      | Reached XP level 8. HP: 38/48 MP: 6/11
  4241 | D:6      | 4241 ||| Stepping ~*~*~tactically~*~*~ (stealth).
  4248 | D:6      | Reached skill level 1 in Dodging
  4270 | D:6      | Noticed a troll
  4271 | D:6      | 4271 ||| Stepping ~*~*~tactically~*~*~ (stealth).
  4274 | D:6      | 4274 ||| Stepping ~*~*~tactically~*~*~ (stealth).
  4275 | D:6      | Noticed a manticore
  4276 | D:6      | 4276 ||| INVOKING Heroism.
  4277 | D:6      | 4277 ||| Stepping ~*~*~tactically~*~*~ (hiding).
  4284 | D:6      | Reached skill level 1 in Throwing
  4298 | D:6      | HP: 8/50 [troll (9)]
  4299 | D:6      | 4299 ||| DRINKING 2 potions of heal wounds.
  4300 | D:6      | 4300 ||| INVOKING Heroism.
  4304 | D:6      | 4304 ||| Stepping ~*~*~tactically~*~*~ (stealth).
  4305 | D:6      | Killed a troll
  4306 | D:6      | Reached skill level 8 in Axes
  4306 | D:6      | Reached XP level 9. HP: 20/54 MP: 9/12
  4307 | D:6      | HP: 5/54 [manticore (15)]
  4308 | D:6      | 4308 ||| DRINKING potion of heal wounds.
  4310 | D:6      | 4310 ||| Stepping ~*~*~tactically~*~*~ (stealth).
  4314 | D:6      | HP: 12/54 [manticore (4)]
  4315 | D:6      | Killed a manticore
  4315 | D:6      | Reached *** piety under Okawaru
  4316 | D:6      | Reached skill level 6 in Armour
  4322 | D:6      | 4322 ||| INVOKING Heroism.
  4575 | D:6      | Reached skill level 6 in Fighting
  4600 | D:6      | Noticed Edmund
  4601 | D:6      | 4601 ||| Stepping ~*~*~tactically~*~*~ (stealth).
  4606 | D:6      | 4606 ||| INVOKING Heroism.
  4616 | D:6      | Killed Edmund
  4626 | D:6      | 4626 ||| DROPPING +0 flail.
  4689 | D:6      | Found a staircase to the Ecumenical Temple.
  4692 | D:6      | 4692 ||| INVOKING Heroism.
  4788 | D:6      | Noticed Maggie
  4789 | D:6      | 4789 ||| Stepping ~*~*~tactically~*~*~ (hiding).
  4792 | D:6      | 4792 ||| Stepping ~*~*~tactically~*~*~ (hiding).
  4793 | D:6      | 4793 ||| INVOKING Heroism.
  4804 | D:6      | HP: 13/55 [Maggie/bolt of fire (19)]
  4805 | D:6      | 4805 ||| DRINKING 2 potions of heal wounds.
  4809 | D:6      | HP: 11/55 [Maggie/+1 glaive of draining (11)]
  4810 | D:6      | 4810 ||| DRINKING potion of heal wounds.
  4811 | D:6      | 4811 ||| INVOKING Heroism.
  4811 | D:6      | Killed from afar by Maggie

Levels and vault maps discovered:
D:1:      sevenhm_arrival_forest_fort_large_2, layout_rooms,
          chequers_decorated_corner, nicolae_titane
D:2:      layout_loops_ring
D:3:      corexii_shack_village, layout_loops_ring, nicolae_uskayaw_dance_hall,
          mainiacjoe_overflow_24_doors, nicolae_overflow_crystal_walls,
          mainiacjoe_overflow_brackets, ebering_ghost_reflecting_pool,
          reono_crystal_passage, chequers_serial_rivers_micro_a, st_stairs_1,
          uniq_robin
D:4:      layout_gridville, okawaru_altar_gauntlet_db
D:5:      layout_rooms, lemuel_tele_altar
D:6:      cheibrodos_fzero, layout_loops_ring, minmay_temple_entry_mist,
          serial_shops, nicolae_diamond_shop, uniq_edmund, uniq_maggie,
          uniq_pikel

Skill      XL: |  1  2  3  4  5  6  7  8  9 |
---------------+----------------------------+-----
Axes           | 2 3 4 5 7 8 |  8.9
Fighting       | 4 5 6 |  6.0
Armour         | 4 6 |  6.2
Invocations    | 4 |  4.4
Dodging        | 1 |  1.2
Throwing       | 1 |  1.5
Shields        | |  3.2

Action                   |  1- 3 |  4- 6 |  7- 9 || total
-------------------------+-------+-------+-------++-------
Melee: War axe           |    65 |   164 |   157 ||   386
Throw: Boomerang         |       |    43 |    14 ||    57
Invok: Heroism           |       |       |     8 ||     8
  Use: Scroll            |     7 |     6 |     4 ||    17
       Potion            |     2 |     1 |     4 ||     7
Armor: Scale mail        |    14 |       |       ||    14
       Chain mail        |    17 |    91 |       ||   108
       Plate armour      |       |    23 |   158 ||   181
Dodge: Dodged            |    24 |    70 |    72 ||   166
Block: Buckler           |     6 |    27 |    38 ||    71

Table legend:
 A = Non-vault XP
 B = Vault XP
 C = Vault XP percentage of total XP
 D = Non-vault monster count
 E = Vault monster count
 F = Vault count percentage of total count
                 A         B        C        D         E       F
            +---------+---------+-------+---------+---------+-------
      Total |    1330 |    2365 |  64.0 |      82 |      41 |  33.3
            +---------+---------+-------+---------+---------+-------
        D:1 |      20 |       0 |   0.0 |      11 |       0 |   0.0
        D:2 |      31 |       0 |   0.0 |      10 |       0 |   0.0
        D:3 |     140 |      54 |  27.8 |      27 |      22 |  44.9
        D:4 |     289 |      29 |   9.1 |      11 |       6 |  35.3
        D:5 |     143 |       0 |   0.0 |      11 |       0 |   0.0
        D:6 |     707 |    2282 |  76.3 |      12 |      13 |  52.0
            +---------+---------+-------+---------+---------+-------
